 Dungeon Crawl Stone Soup version 0.32-a0-747-gc8563f6773 (webtiles) character file.

Game seed: 16090659211737144158

231 Aldia the Trooper (level 6, -1/63 HPs)
             Began as an Oni Warper on Mar 18, 2024.
             Was a Follower of Yredelemnul.
             Slain by a ball python (3 damage)
             ... on level 4 of the Dungeon.
             The game lasted 00:05:37 (2534 turns).

Aldia the Trooper (Oni Warper)                      Turns: 2534, Time: 00:05:38

Health: -1/63      AC:  3    Str: 16    XL:     6   Next: 4%
Magic:  9/9        EV:  9    Int: 16    God:    Yredelemnul [*.....]
Gold:   138        SH:  0    Dex: 14    Spells: 6/10 levels left

rFire   . . .        a - +0 mace
rCold   . . .        (no shield)
rNeg    . . .        b - +0 robe
rPois   .            (helmet restricted)
rElec   .            (no cloak)
rCorr   .            (gloves unavailable)
SInv    .            (boots unavailable)
Will    +....        (no amulet)
Stlth   +            i - +6 ring of dexterity
HPRegen 0.30/turn    (no ring)
MPRegen 0.11/turn

%: no passive effects
@: mighty, lethally poisoned (-1 -> -7), enlightened, flying, wreathed by umbra
A: large, unfitting armour, horns 1, tough skin 1, double potion healing,
drunken brawling
a: Renounce Religion, Light the Black Torch, Recall Undead Harvest


You were on level 4 of the Dungeon.
You worshipped Yredelemnul.
Yredelemnul was noncommittal.
You visited 1 branch of the dungeon, and saw 4 of its levels.

You collected 138 gold pieces.

Inventory:

Hand Weapons
 a - a +0 mace (weapon)
Missiles
 d - 7 darts of dispersal
 e - 13 poisoned darts (quivered)
Armour
 b - a +0 robe (worn)
Jewellery
 i - a +6 ring of dexterity (left hand)
Wands
 k - a wand of mindburst (13)
 q - a wand of acid (11)
Scrolls
 c - 2 scrolls of blinking
 g - a scroll of enchant weapon {unknown}
 j - a scroll of noise {unknown}
 m - a scroll of acquirement {unknown}
 o - a scroll of revelation {unknown}
 s - a scroll of brand weapon {unknown}
Potions
 f - 3 potions of magic
 t - a potion of lignification {unknown}


   Skills:
 + Level 4.7 Fighting
 * Level 4.6 Maces & Flails
 - Level 1.0 Throwing
 - Level 2.1 Dodging
 - Level 2.5 Spellcasting
 + Level 3.1 Translocations
 + Level 1.6 Invocations


You had 6 spell levels left.
You knew the following spells:

 Your Spells              Type           Power      Damage    Failure   Level
a - Blink                 Tloc           22%        N/A       9%          2
b - Lesser Beckoning      Tloc           22%        N/A       9%          2

Your spell library contained the following spells:

 Spells                   Type           Power      Damage    Failure   Level
 Teleport Other           Tloc           11%        N/A       17%         3
 Slow                     Hex            8%         N/A       21%         1
 Volatile Blastmotes      Fire/Tloc      12%        2d11      30%         3
 Manifold Assault         Tloc           11%        N/A       50%         4
 Call Canine Familiar     Summ           2%         N/A       52%         3
 Confusing Touch          Hex            2%         N/A       52%         3
 Dazzling Flash           Conj/Hex       4%         N/A       52%         3
 Passwall                 Erth           2%         N/A       52%         3
 Sigil of Binding         Hex            2%         N/A       52%         3
 Vampiric Draining        Necr           2%         2d6       52%         3
 Dimensional Bullseye     Hex/Tloc       3%         N/A       71%         4
 Vhi's Electric Charge    Tloc/Air       12%        N/A       71%         4
 Bombard                  Conj/Erth      1%         9d1       100%        6
 Starburst                Conj/Fire      1%         6d3       100%        6
 Maxwell's Capacitive Co  Air            1%         ∞         100%        8


Dungeon Overview and Level Annotations

Branches:
Dungeon (4/15)
 Temple: D:4-7

Altars:
Ru
Yredelemnul


Innate Abilities, Weirdness & Mutations

You are too large for most types of armour.
You have a pair of small horns on your head.
You have tough skin. (AC +1)
You gain doubled healing and magic from potions.
Whenever you drink a healing potion, you attack all around you.


Message History

Your magical effects are unravelling.
You feel magically purged.
You feel yourself slow down. The jackal barely misses you.
The howler monkey barely misses you.
Your giant cockroach zombie bites the adder but does no damage.
Your endoplasm zombie barely misses the howler monkey.
The adder bites you.
* * * LOW HITPOINT WARNING * * *
The adder bites you.
* * * LOW HITPOINT WARNING * * *
You are more poisoned.
The adder poisons you!
Unknown command.
Unknown command.
Unknown command.
It was a potion of might.
You feel very mighty all of a sudden.
You feel very sick. The ball python barely misses you. The jackal bites you.
* * * LOW HITPOINT WARNING * * *
The howler monkey hoots and howls with incredible vigour!
Your giant cockroach zombie barely misses the adder.
The adder completely misses you. The adder bites you but does no damage.
Your endoplasm zombie hits the howler monkey.
The jackal barely misses you. The ball python barely misses you.
The jackal bites you but does no damage.
Unknown command.
Unknown command.
It was a potion of enlightenment.
You feel very buoyant.
You fly up into the air.
You feel sick. The howler monkey hits you.
* * * LOW HITPOINT WARNING * * *
The adder bites you but does no damage. The adder closely misses you.
Your scorpion zombie hits the adder.
The jackal bites you.
* * * LOW HITPOINT WARNING * * *
Your giant cockroach zombie barely misses the adder.
The jackal stops to sniff the ground.
The jackal barely misses you. The ball python bites you.
You die...
Your body rises from the dead as a mindless zombie.

~(.~..~..~~~
.~~..~..~~~
.....~..~.#
......~~..#
..........##
...........#
.......ZZ.#
......ZhSS#
#......h@S#
#......h..#
#...#.#####
#.. #. .. ..
. .. ...


You could see a howler monkey (catching breath), 2 adders, 2 jackals, a ball
python, a friendly endoplasm zombie, a friendly giant cockroach zombie and a
friendly scorpion zombie.

Vanquished Creatures
  A scorpion (D:4)
  An orc priest (D:3)
  Jessica (D:2)
  4 adders
  5 dart slugs
  2 ribbon worms (D:3)
  An orc (D:3)
  3 ball pythons
  5 bats
  6 endoplasms
  5 giant cockroaches
  6 goblins
  4 hobgoblins
  7 frilled lizards
  8 kobolds
  7 rats
66 creatures vanquished.

Vanquished Creatures (collateral kills)
  2 orcs (D:3)
  A bat (D:3)
  A kobold (D:3)
  A rat (D:3)
5 creatures vanquished.

Vanquished Creatures (others)
  A ribbon worm zombie (D:3)
  An adder zombie (D:4)
  A frilled lizard zombie (D:3)
  A hobgoblin zombie (D:3)
  A kobold zombie (D:3)
  An orc zombie (D:3)
  A rat zombie (D:3)
7 creatures vanquished.

Grand Total: 78 creatures vanquished

Notes
Turn   | Place    | Note
-------+----------+-------------------------------------------
     0 | D:1      | Aldia the Oni Warper began the quest for the Orb.
     0 | D:1      | Reached XP level 1. HP: 22/22 MP: 3/3
   209 | D:1      | Reached XP level 2. HP: 26/31 MP: 5/5
   212 | D:1      | Learned a level 2 spell: Blink
   215 | D:1      | Learned a level 2 spell: Lesser Beckoning
   658 | D:1      | Reached XP level 3. HP: 37/37 MP: 6/6
  1018 | D:2      | Noticed Jessica
  1025 | D:2      | Killed Jessica
  1077 | D:2      | Reached XP level 4. HP: 46/48 MP: 7/7
  1324 | D:2      | Found a basalt altar of Yredelemnul.
  1647 | D:2      | Became a worshipper of Yredelemnul the Fallen
  1814 | D:3      | Found a sacrificial altar of Ru.
  2027 | D:3      | Reached XP level 5. HP: 54/54 MP: 8/8
  2354 | D:3      | Reached skill level 1 in Invocations
  2531 | D:4      | Reached * piety under Yredelemnul
  2532 | D:4      | Reached XP level 6. HP: 17/63 MP: 9/9
  2534 | D:4      | HP: 3/63 [howler monkey (5)]
  2534 | D:4      | Slain by a ball python

Illustrated notes

Levels and vault maps discovered:
D:1:      dpeg_arrival_arbitrary_c, layout_basic
D:2:      layout_loops_ring, basic_altar, kennysheep_generic_room_10,
          uniq_jessica
D:3:      wander_river, layout_basic, mainiacjoe_overflow_concentric_impassable
D:4:      cheibrodos_helix_gallery, layout_loops_ring, serial_shops, shop_coins

Skill      XL: |  1  2  3  4  5 |
---------------+----------------+-----
Fighting       | 3 4 |  4.7
Maces & Flails | 3 4 |  4.6
Invocations    | 1 |  1.6
Translocations | 3 |  3.1
Throwing       | |  1.0
Dodging        | |  2.1
Spellcasting   | |  2.5

Action                     |  1- 3 |  4- 6 || total
---------------------------+-------+-------++-------
  Melee: Mace              |    79 |    95 ||   174
         Headbutt          |    14 |    13 ||    27
  Throw: Dart              |       |     3 ||     3
 Invoke: Light the Black T |       |     2 ||     2
  Evoke: Wand              |       |     2 ||     2
    Use: Scroll            |       |     3 ||     3
         Potion            |       |     4 ||     4
   Stab: Sleeping          |     1 |       ||     1
 Armour: Robe              |    71 |    86 ||   157
  Dodge: Dodged            |    37 |   103 ||   140

Table legend: (Time is in decaauts)
 A = Elapsed time spent in this place.
 B = Non-inter-level travel time spent in this place.
 C = Inter-level travel time spent in this place.
 D = Time resting spent in this place.
 E = Time spent auto-exploring this place.
 F = Levels seen in this place.
 G = Mean time per level.
                   A        B        C        D        E       F      G
               +--------+--------+--------+--------+--------+-----+--------+
         Total |   2571 |   2487 |     84 |      0 |   1922 |   4 |  642.8 |
       Dungeon |   2571 |   2487 |     84 |      0 |   1922 |   4 |  642.8 |
               +--------+--------+--------+--------+--------+-----+--------+

Top non-repeatable levels by time:
     D:1: 1003 daAuts
     D:3: 862 daAuts
     D:2: 683 daAuts
     D:4: 21 daAuts
